Map: Ephemeron LE

Players

JonSnow - Winner!

  • Race: Zerg Zerg
  • Spawn Location: 11:00

Hjax

  • Race: Protoss Protoss
  • Spawn Location: 5:00

VOD

Have the link to the VOD?

Description

Time

  • Played on: Sept. 6, 2019, 12:48 p.m.
  • Length: 11:15
Show
View Real Time Build Order
Export as new Build Order

JonSnow Zerg - Winner!

Build Orders: Hatch First 

Get SALT Encoding   

  12  0:01  Drone  
  13  0:13  Overlord  
  13  0:17  Drone  
  14  0:31  Drone x2  
  16  0:48  Hatchery  
  15  0:53  Drone  
  15  0:56  Drone  
  17  1:00  Drone  
  18  1:10  Extractor  
  17  1:15  Spawning Pool  
  17  1:18  Drone  
  17  1:20  Drone  
  18  1:29  Drone  
  19  1:42  Drone  
  20  2:02  Overlord  
  20  2:03  Zergling x2, Queen  
  20  2:04  Zergling x2  
  26  2:13  Queen  
  26  2:14  Metabolic Boost  
  26  2:15  Drone x2  
  28  2:21  Drone  
  29  2:23  Drone  
  30  2:39  Hatchery  
  29  2:46  Drone x2  
  31  2:51  Queen  
  31  2:56  Pneumatized Carapace  
  33  3:01  Drone x2  
  35  3:07  Overlord  
  35  3:08  Drone  
  36  3:16  Overlord  
  36  3:27  Drone x6  
  41  3:32  Queen  
  44  3:36  Overlord  
  44  3:42  Zergling x4  
  44  3:44  Drone  
  44  3:47  Drone  
  48  3:51  Queen  
  48  3:52  Drone  
  48  3:55  Drone  
  52  3:58  Spore Crawler  
  52  4:00  Lair  
  50  4:03  Spore Crawler  
  50  4:05  Drone  
  50  4:06  Drone  
  50  4:08  Drone  
  50  4:09  Drone  
  53  4:11  Drone  
  53  4:14  Spore Crawler  
  53  4:15  Drone  
  54  4:19  Queen  
  56  4:25  Roach Warren  
  55  4:31  Zergling x8  
  55  4:34  Extractor, Drone  
  55  4:35  Extractor  
  58  4:38  Drone x2  
  58  4:41  Overlord  
  58  4:42  Drone  
  58  4:44  Drone x2  
  62  4:46  Drone  
  62  4:51  Drone  
  62  4:52  Drone x2  
  65  5:00  Drone x4  
  65  5:01  Drone  
  70  5:08  Drone  
  70  5:09  Extractor  
  70  5:10  Extractor  
  70  5:11  Overlord  
  70  5:14  Overlord  
  69  5:15  Evolution Chamber  
  69  5:16  Overlord  
  69  5:18  Overlord  
  69  5:21  Spore Crawler  
  67  5:27  Overlord  
  67  5:29  Drone x2  
  67  5:33  Drone  
  69  5:38  Drone x3  
  69  5:42  Glial Reconstitution  
  72  5:44  Zerg Missile Weapons Level 1  
  78  5:50  Roach x6  
  84  6:00  Roach x5  
  94  6:04  Zergling x2  
  94  6:08  Overlord x2  
  94  6:10  Ravager x3  
  94  6:11  Ravager  
  98  6:14  Zergling x8  
  102  6:19  Ravager x2  
  102  6:21  Roach  
  106  6:29  Ravager  
  106  6:30  Zergling x16  
  115  6:36  Drone x2  
  115  6:43  Overlord  
  115  6:46  Spire, Extractor  
  111  6:50  Drone x3  
  111  6:51  Overlord x2  
  113  6:55  Overlord  
  113  7:04  Overlord  
  113  7:08  Drone  
  113  7:09  Baneling Nest, Drone x2  
  113  7:12  Drone x2  
  113  7:15  Drone x2, Hatchery  
  119  7:16  Drone  
  119  7:18  Overlord  
  119  7:19  Drone  
  120  7:45  Zerg Melee Weapons Level 1  
  120  7:57  Mutalisk x9  
  137  8:00  Zergling x12  
  137  8:01  Zergling x4  
  145  8:07  Mutalisk  
  145  8:08  Mutalisk  
  145  8:12  Overseer  
  149  8:17  Mutalisk  
  149  8:19  Zergling x8  
  155  8:25  Drone x3  
  158  8:28  Queen  
  158  8:29  Hatchery  
  158  8:33  Mutalisk x2  
  163  8:35  Zergling x6  
  163  8:38  Overlord  
  166  8:42  Extractor x2  
  158  8:48  Overlord  
  158  8:52  Mutalisk  
  158  8:53  Mutalisk x3  
  166  8:59  Spine Crawler  
  166  9:01  Spine Crawler  
  160  9:02  Mutalisk  
  160  9:03  Queen  
  160  9:05  Zergling x18  
  171  9:11  Overseer  
  171  9:15  Mutalisk x2  
  174  9:18  Zergling x10  
  174  9:23  Overseer  
  179  9:35  Spore Crawler  
  179  9:36  Mutalisk x3  
  179  9:37  Spine Crawler  
  183  9:41  Overlord x2  
  183  9:50  Drone x3  
  183  9:51  Drone x2  
  177  9:57  Drone x4  
  181  10:06  Drone  
  182  10:21  Zergling x26  
  187  10:27  Baneling x11  
  187  10:28  Baneling  
  195  10:37  Baneling x5  
  195  10:38  Baneling x5  
  195  10:39  Zergling x8  
  199  10:43  Baneling x3  
  190  10:51  Zergling x2  
  190  10:52  Zergling x18  
  190  10:54  Zergling x6  
Show
View Real Time Build Order
Export as new Build Order

Hjax Protoss 

Build Orders: 1 Gate Expand, Oracle Opening, Phoenix Opening, Chargelot Immortal 

Get SALT Encoding   

  12  0:00  Probe  
  13  0:13  Probe  
  14  0:18  Pylon  
  14  0:25  Probe  
  15  0:34  Probe  
  15  0:39  Gateway  
  15  0:42  Probe  
  16  0:48  Assimilator  
  17  0:51  Probe  
  18  1:03  Probe  
  19  1:15  Probe  
  20  1:24  Nexus  
  20  1:28  Probe  
  21  1:40  Cybernetics Core  
  21  1:42  Probe  
  21  1:46  Assimilator  
  22  1:52  Pylon  
  22  1:56  Probe  
  23  2:06  Probe, Adept  
  23  2:14  Probe  
  24  2:20  Stargate  
  27  2:24  Probe  
  28  2:30  Adept  
  28  2:37  Probe  
  31  2:38  Probe  
  31  2:40  Warp Gate  
  32  2:49  Probe  
  33  2:52  Gateway, Probe  
  33  2:56  Adept  
  34  3:02  Probe  
  34  3:04  Phoenix  
  40  3:14  Probe  
  40  3:15  Probe  
  40  3:16  Pylon  
  41  3:22  Oracle  
  41  3:26  Probe, Adept  
  44  3:27  Probe  
  45  3:35  Assimilator  
  45  3:39  Assimilator  
  45  3:41  Probe x2  
  50  3:53  Probe x2  
  50  3:55  Pylon  
  52  3:57  Robotics Facility  
  52  4:05  Probe x2  
  54  4:13  Oracle  
  57  4:17  Probe  
  57  4:21  Probe  
  59  4:26  Pylon  
  59  4:29  Probe  
  60  4:33  Probe  
  60  4:35  Immortal  
  61  4:41  Probe  
  61  4:42  Pylon  
  61  4:44  Sentry  
  61  4:45  Sentry  
  68  4:53  Probe  
  67  5:04  Probe  
  68  5:10  Gateway x2  
  68  5:12  Sentry x2  
  68  5:14  Gateway x2  
  72  5:15  Gateway  
  72  5:17  Warp Prism  
  73  5:36  Adept  
  73  5:37  Adept  
  73  5:41  Nexus  
  77  5:46  Pylon  
  77  5:47  Pylon  
  77  5:50  Pylon  
  77  6:04  Immortal  
  77  6:11  Adept  
  83  6:13  Stalker  
  83  6:14  Stalker x3  
  83  6:15  Sentry  
  83  6:17  Sentry  
  92  6:43  Immortal  
  92  6:45  Adept x5  
  94  6:52  Twilight Council  
  98  6:59  Probe x2  
  98  7:00  Forge, Probe  
  100  7:07  Probe x2  
  101  7:09  Probe  
  101  7:14  Sentry x2  
  101  7:15  Probe x2  
  108  7:17  Probe  
  108  7:19  Gateway  
  111  7:24  Gateway  
  111  7:25  Sentry, Adept x2  
  117  7:32  Protoss Ground Weapons Level 1  
  117  7:33  Charge  
  117  7:48  Templar Archives  
  117  7:49  Dark Shrine  
  117  7:54  Assimilator  
  117  7:59  Assimilator  
  117  8:01  Pylon  
  117  8:04  Pylon  
  117  8:06  Pylon  
  117  8:13  Psionic Storm  
  117  8:16  Pylon  
  117  8:18  Pylon  
  117  8:19  Probe x3  
  120  8:23  Immortal, Robotics Facility  
  124  8:32  Probe x3  
  127  8:44  Probe x2  
  129  8:53  Stalker x7  
  136  9:03  Dark Templar x2  
  136  9:07  Phoenix  
  142  9:17  Probe, High Templar  
  145  9:27  Probe  
  142  9:32  Zealot x4  
  142  9:33  Zealot x2  
  152  9:41  Pylon  
  152  9:45  Zealot x2  
  156  9:46  Pylon  
  144  9:53  Warp Prism  
  144  9:57  High Templar x4  
  144  9:58  Zealot x3  
  156  10:01  Archon  
  156  10:04  Pylon  
  156  10:05  Pylon  
  154  10:13  Probe  
  155  10:22  Stalker x4  
  155  10:23  Stalker  
  155  10:25  Probe  
  157  10:54  Zealot x8  
  157  10:55  Zealot  
Tags
 
Add a new tag
Caveats
  • Supply blocks, unpowered buildings, or Contaminate may cause inaccurate times.
  • Supply counts are checked every 10 seconds.